 Dungeon Crawl Stone Soup version 0.30-a0-702-gdf48620a09 (webtiles) character file.

Game seed: 6444896303510520901

1 Farfigtubin the Sneak (level 1, -1/10 HPs)
             Began as a Kobold Enchanter on Jan 21, 2023.
             Slain by a kobold
             ... wielding a +0 whip
              (4 damage)
             ... on level 1 of the Dungeon.
             The game lasted 00:02:05 (140 turns).

Farfigtubin the Sneak (Kobold Enchanter)             Turns: 140, Time: 00:02:06

Health: -1/10      AC:  2    Str:  5    XL:     1   Next: 22%
Magic:  3/3        EV: 15    Int: 16    God:
Gold:   0          SH:  0    Dex: 15    Spells: 4/4 levels left

rFire   . . .      SeeInvis .    a - +1 dagger
rCold   . . .      Faith    .    (no shield)
rNeg    . . .      Spirit   .    b - +0 robe
rPois   .          Reflect  .    (no helmet)
rElec   .          Harm     .    (no cloak)
rCorr   .          Rampage  .    (no gloves)
Will    .....                    (no boots)
Stlth   ++++                     (no amulet)
HPRegen 0.21/turn                (no ring)
MPRegen 0.08/turn                (no ring)

@: no status effects
A: small, no large weapons, nightstalker 3
a: no special abilities


You were on level 1 of the Dungeon.
You visited 1 branch of the dungeon, and saw 1 of its levels.

Inventory:

Hand Weapons
 a - a +1 dagger (weapon)
Armour
 b - a +0 robe (worn)
Potions
 c - 2 potions of invisibility
 d - a potion of curing {unknown}


   Skills:
 + Level 1.3 Short Blades
 + Level 2.4 Dodging
 + Level 4.1 Stealth
 + Level 2.1 Spellcasting
 + Level 3.0 Hexes


You had 4 spell levels left.
You didn't know any spells.
Your spell library contained the following spells:

 Spells                   Type           Power      Damage    Failure   Level
 Ensorcelled Hibernation  Hex/Ice        12%        N/A       17%         2
 Confusing Touch          Hex            11%        N/A       17%         3
 Tukima's Dance           Hex            11%        N/A       17%         3
 Dazzling Flash           Conj/Hex       12%        N/A       32%         3


Dungeon Overview and Level Annotations

Branches:
Dungeon (1/15)

Altars:


Innate Abilities, Weirdness & Mutations

You are small and have problems with some larger weapons.
You are completely attuned to the shadows.


Message History

Found 4 stones.
A frilled lizard comes into view.
You don't know any spells.
Okay, then.
You hit the frilled lizard.
You kill the frilled lizard!
You don't know any spells.
Okay, then.
Found a stone staircase leading down.
Found a helmet.
Found a fizzy golden potion.
You see here a +0 helmet.
A goblin and a hobgoblin come into view.
Found 5 stones.
The hobgoblin shouts!
You hear a shout!
The hobgoblin misses you.
You hit the hobgoblin.
The hobgoblin is lightly wounded.
The hobgoblin misses you.
You barely miss the hobgoblin.
The hobgoblin is lightly wounded.
The hobgoblin closely misses you. The hobgoblin attacks as you move away!
The hobgoblin closely misses you.
A kobold comes into view. It is wielding a +0 whip.
The hobgoblin attacks as you move away! The hobgoblin misses you.
The kobold hits you with a +0 whip. The kobold barely misses you.
You see here a +0 helmet.
The kobold hits you with a +0 whip.
Ouch! That really hurt!
* * * LOW HITPOINT WARNING * * *
The kobold closely misses you. The kobold barely misses you.
You barely miss the kobold. The kobold barely misses you.
You hit the kobold but do no damage. The kobold misses you.
You barely miss the kobold. The kobold barely misses you.
You hit the kobold but do no damage. The kobold closely misses you.
You closely miss the kobold. The kobold completely misses you.
You barely miss the kobold. The kobold hits you with a +0 whip.
You die...

########## ..(...!...
#####.### ####.# #.#
....g# #.# ####K# #.#
#@# ####.#########
####.##..............
..>...#.###.#########
####..#..##.########
........#..........#
####...###..##.###.#
####....#.####.# .#
.....###.## #.# #.##
####.# #.# #.# #.#.


You could see a hobgoblin and a kobold.

Vanquished Creatures
  A ball python (D:1)
  A frilled lizard (D:1)
2 creatures vanquished.

Notes
Turn   | Place    | Note
-------+----------+-------------------------------------------
     0 | D:1      | Farfigtubin the Kobold Enchanter began the quest for the
                  | Orb.
     0 | D:1      | Reached XP level 1. HP: 10/10 MP: 3/3
   140 | D:1      | Slain by a kobold

Illustrated notes

Levels and vault maps discovered:
D:1:      lightli_arrival_flooded_house, layout_loops_ring

Action                   || total
-------------------------++-------
Melee: Dagger            ||    10
 Stab: Sleeping          ||     1
Dodge: Dodged            ||    13

Table legend: (Time is in decaauts)
 A = Elapsed time spent in this place.
 B = Non-inter-level travel time spent in this place.
 C = Inter-level travel time spent in this place.
 D = Time resting spent in this place.
 E = Time spent auto-exploring this place.
 F = Levels seen in this place.
 G = Mean time per level.
                   A        B        C        D        E       F      G
               +--------+--------+--------+--------+--------+-----+--------+
         Total |    139 |    139 |      0 |      0 |      0 |   1 |  139.0 |
       Dungeon |    139 |    139 |      0 |      0 |      0 |   1 |  139.0 |
               +--------+--------+--------+--------+--------+-----+--------+

Top non-repeatable levels by time:
     D:1: 139 daAuts
